 Dungeon Sprint DCSS version 0.28-a0-909-g796cbd3a86 (webtiles) character file.

Game seed: 9180289695597915872

35212 Turgor the Impregnable (level 13, -7/143 HPs)
             Began as a Minotaur Berserker on Nov 24, 2021.
             Was the Champion of Trog.
             Killed by divine providence
             ... invoked by a balrug
              (13 damage)
             ... in the Dungeon (Sprint V: "Ziggurat Sprint").
             The game lasted 00:57:19 (1351 turns).

Turgor the Impregnable (Minotaur Berserker)         Turns: 1351, Time: 00:57:20

Health: -7/143     AC: 35    Str: 33    XL:     13   Next: 46%
Magic:  12/12      EV:  3    Int: 13    God:    Trog [******]
Gold:   0          SH: 31    Dex: 12    Spells: 12/12 levels left

rFire   + + .      SeeInvis +   X - +6 broad axe of the Final Decision {freeze, rElec rF+ Dex+7}
rCold   + . .      Faith    .   G - +18 shield of the Gong {rElec rN+ Will+ EV-5}
rNeg    + + +      Spirit   .   K - +9 gold dragon scales
rPois   +          Reflect  .   (helmet restricted)
rElec   +          Harm     .   (no cloak)
rCorr   .          Rampage  +   s - +1 pair of gloves {Stlth+}
Will    +++..      NoTele   +   (no boots)
Stlth   ..........              Q - amulet of Empiosen {RegenMP Rampage}
HPRegen 1.33/turn               W - ring "Kuorphil" {rPois Str+3 Int+8 Dex-3 SInv}
MPRegen 0.38/turn               A - ring of Knowledge {+Blink rElec rN++ Str+6 Dex-4}

@: mighty, weakened, strong-willed, regenerating, hasted, studying Maces &
Flails, very quick
A: horns 2, retaliatory headbutt
a: Renounce Religion, Evoke Blink, Berserk, Trog's Hand, Brothers in Arms


You were in the Dungeon.
You worshipped Trog.
Trog was exalted by your worship.
You visited 1 branch

Inventory:

Hand Weapons
 a - the +6 shillelagh "Devastator" {shatter}
   (You found it in the Dungeon)

   It releases a powerful concussive burst when it strikes, dealing extra damage
   to the target and all other foes adjacent to them.
 j - a +5 vorpal broad axe
 k - a +5 vorpal fustibalus
 l - a +5 executioner's axe
 F - the +14 obsidian axe {vorpal, Mesm Drain Fly SInv}
   (You found it in the Dungeon)

   It inflicts extra damage upon your enemies.
   It occasionally summons demons to assist the wielder when it strikes in
   combat.
   Its wielder is mesmerised by any visible foes.
   It cannot be unequipped while any foes are visible.
   SInv:      It lets you see invisible.
   Fly:       It grants you flight.
   Drain:     It drains your maximum health when unequipped.
 T - a +5 antimagic broad axe
 X - the +6 broad axe of the Final Decision (weapon) {freeze, rElec rF+ Dex+7}
   (You found it in the Dungeon)

   It freezes those it strikes, dealing additional cold damage.
   It can also slow down cold-blooded creatures.
   Dex:       It affects your dexterity (+7).
   rF:        It protects you from fire.
   rElec:     It insulates you from electricity.
Missiles
 i - 1000 sling bullets
Armour
 s - a +1 pair of gloves of stealth (worn)
 G - the +18 shield of the Gong (worn) {rElec rN+ Will+ EV-5}
   (You found it in the Dungeon)

   It is deafeningly noisy when blocking attacks.
   EV:        It affects your evasion (-5).
   rElec:     It insulates you from electricity.
   rN:        It protects you from negative energy.
   Will:      It increases your willpower.
 H - the +15 Maxwell's patent armour {-Cast -Tele rElec Will+ rCorr}
   (You found it in the Dungeon)

   rElec:     It insulates you from electricity.
   -Cast:     It prevents spellcasting.
   -Tele:     It prevents most forms of teleportation.
   rCorr:     It protects you from acid and corrosion.
   Will:      It increases your willpower.
 K - +9 gold dragon scales (worn)
 L - the +4 moon troll leather armour {Spirit, Regen++ MP+5}
   (You found it in the Dungeon)

   MP:        It affects your magic capacity (+5).
   Regen:     It increases your rate of health regeneration.
Jewellery
 x - a ring of flight
 y - a +6 ring of dexterity
 z - the ring "Guarosik" {Fly Str+5 Int-3 Slay+4}
   (You found it in the Dungeon)

   [ring of slaying]

   Str:       It affects your strength (+5).
   Int:       It affects your intelligence (-3).
   Slay:      It affects your accuracy & damage with ranged weapons and melee
   (+4).
   Fly:       It grants you flight.
 A - the ring of Knowledge (right hand) {+Blink rElec rN++ Str+6 Dex-4}
   (You found it in the Dungeon)

   [ring of strength]

   Str:       It affects your strength (+6).
   Dex:       It affects your dexterity (-4).
   rElec:     It insulates you from electricity.
   rN:        It greatly protects you from negative energy.
   +Blink:    It lets you blink.
 B - a +6 ring of intelligence
 C - a +6 ring of strength
 N - the ring "Wym Dege" {rElec rF+++ rCorr AC+4 Dex-5}
   (You found it in the Dungeon)

   [ring of protection]

   AC:        It affects your AC (+4).
   Dex:       It affects your dexterity (-5).
   rF:        It renders you almost immune to fire.
   rElec:     It insulates you from electricity.
   rCorr:     It protects you from acid and corrosion.
 Q - the amulet of Empiosen (around neck) {RegenMP Rampage}
   (You found it in the Dungeon)

   [amulet of magic regeneration]

   It increases your rate of magic regeneration.
   Rampage:   It bestows one free step when moving towards enemies.
 W - the ring "Kuorphil" (left hand) {rPois Str+3 Int+8 Dex-3 SInv}
   (You found it in the Dungeon)

   [ring of see invisible]

   Str:       It affects your strength (+3).
   Int:       It affects your intelligence (+8).
   Dex:       It affects your dexterity (-3).
   rPois:     It protects you from poison.
   SInv:      It lets you see invisible.
 Y - a ring of positive energy
Wands
 u - a wand of mindburst (7)
 v - a wand of iceblast (7)
 w - a wand of acid (7)
Scrolls
 h - 4 scrolls of blinking
 m - 5 scrolls of fog
 n - a scroll of holy word
 o - 5 scrolls of identify
 p - 2 scrolls of fear
 U - a scroll of brand weapon
Potions
 c - 10 potions of curing
 d - 4 potions of heal wounds
 e - 8 potions of haste
 f - 7 potions of magic
 g - 3 potions of berserk rage
 q - 2 potions of invisibility
 r - 4 potions of resistance
 t - 5 potions of might
Miscellaneous
 b - a phial of floods
 D - a phantom mirror
 E - a lightning rod (4/4)
 O - a tin of tremorstones (2/2)
 R - a box of beasts


   Skills:
 + Level 21.0 Fighting
 + Level 21.4 Axes
 + Level 11.7 Slings
 + Level 21.8 Armour
 - Level 2.1 Dodging
 - Level 15.0 Shields
 * Level 10.9 Evocations


You had 12 spell levels left.
You didn't know any spells.
Your spell library was empty.

Dungeon Overview and Level Annotations

Branches:
Dungeon (1/1)

Altars:
Ashenzari
Cheibriados
Dithmenos
Elyvilon
Fedhas
Gozag
Hepliaklqana
Kikubaaqudgha
Makhleb
Nemelex Xobeh
Okawaru
Qazlal
Ru
Sif Muna
Trog
Uskayaw
Vehumet
Wu Jian
Xom
Yredelemnul
Zin
The Shining One
Beogh
Jiyva
Lugonu


Innate Abilities, Weirdness & Mutations

You have a pair of horns on your head.
You reflexively headbutt those who attack you in melee.


Message History

* * * LOW HITPOINT WARNING * * *
Your stone giant convulses!
The hell hog bites you but does no damage.
The hell hog bites your stone giant. You block the hell hog's attack.
SHROANNG!
You barely miss the hell hog. You headbutt the hell hog!!
The hell hog is moderately wounded.
You slash the hell hog! You freeze the hell hog!
You closely miss the salamander tyrant.
The stoker mumbles some strange words.
The balrug gestures at you. Something smites you!
* * * LOW HITPOINT WARNING * * *
Unknown command.
You slice the hell hog!! You freeze the hell hog! You headbutt the hell hog.
You kill the hell hog!
Trog accepts your kill.
You barely miss the hell hog. You hit the salamander tyrant.
You freeze the salamander tyrant.
You kill the salamander tyrant!
Trog accepts your kill.
Trog appreciates your killing of a magic user.
Trog grants you a weapon! Something appears at your feet!
You see here the +7 broad axe of Severance {vorpal, rC+ SInv}.
The hell hog breathes fire at you.
The fireball explodes!
The fireball engulfs you. You resist.
* * * LOW HITPOINT WARNING * * *
The fireball engulfs the hell hog.
The hell hog completely resists.
The fireball engulfs your stone giant!!!
Your stone giant dies!
Your stone giant's corpse disappears in a puff of smoke!
You block the hell hog's attack.
PTOANNNG!
The Brimstone Fiend calls on the powers of darkness!
Your body is wracked with pain!
* * * LOW HITPOINT WARNING * * *
The fire giant convulses!
The balrug gestures at you. Something smites you!
You die...

▓...........▓▓▓
=)))"[[=}..▓...........▓..
...........▓.....).....▓..
...........▓......(((..▓..
▓.......2..*..▓......()(..▓..
▓........22.2.▓..▓...).▓..▓..
▓......2.nLhC.▓...........▓..
▓........1.hh.▓.....©.....▓..
▓..▓.......▓@.▓▓▓▓▓▓▓▓▓▓▓▓▓.▓
▓.........h.§.▓....8©8....▓..
▓.............▓..)..:..:..▓▓▓
▓......©......▓...:|.)}...▓..
▓▓▓▓▓▓▓▓▓▓▓▓▓▓▓...........▓..
▓...........▓..
▓...........▓..
▓.....[)....▓..
▓.....)))...▓..


You could see a searing wretch, a Brimstone Fiend, a fire giant, a stoker, 4
balrugs, 4 hell hogs, a tormentor and a creeping inferno (summoned).

Vanquished Creatures
  A deep elf master archer (D)
  A fire giant (D)
  A deep elf sorcerer (D)
  A ghost moth (D)
  A ghoul (D)
  4 stone giants (D)
  3 merfolk javelineers (D)
  A merfolk impaler (D)
  2 fire dragons (D)
  A deep elf high priest (D)
  A salamander tyrant (D)
  A centaur warrior (D)
  2 two-headed ogres (D)
  3 hell hogs (D)
  2 dancing weapons (D)
  A merfolk aquamancer (D)
  A deep elf knight (D)
  A soul eater (D)
  2 deep elf archers (D)
  A deep elf pyromancer (D)
  2 deep elf zephyrmancers (D)
  3 cyclopes (D)
  A manticore (D)
  A wolf spider (D)
  An orb spider (D)
  An orc sorcerer (D)
  2 draconians (D)
  2 merfolk sirens (D)
  A naga mage (D)
  A cane toad (D)
  A yaktaur (D)
  2 efreet (D)
  2 demonic crawlers (D)
  A troll (D)
  A merfolk (D)
  A redback (D)
  A water elemental (D)
  An air elemental (D)
  2 tarantellas (D)
  A basilisk (D)
  3 fire elementals (D)
  2 yaks (D)
  A naga (D)
  2 hell hounds (D)
  A water moccasin (D)
  5 ogres (D)
  5 necrophages (D)
  2 centaurs (D)
  4 phantoms (D)
  An earth elemental (D)
  4 wights (D)
  2 crimson imps (D)
  2 orc priests (D)
  A jelly (D)
  An iguana (D)
  An orc wizard (D)
  2 adders (D)
  A shadow imp (D)
  A white imp (D)
  A spectral bat (D)
  2 bat skeletons (D)
  3 bat zombies (D)
  4 endoplasms (D)
  A jackal (D)
  A ball python (D)
  2 ball python skeletons (D)
  A giant cockroach zombie (D)
  A jackal skeleton (D)
  A spectral ball python (D)
117 creatures vanquished.

Vanquished Creatures (collateral kills)
  A shadow dragon (D)
  A merfolk javelineer (D)
  A dancing weapon (D)
  A merfolk aquamancer (D)
  A soul eater (D)
  A harpy (D)
  A deep elf zephyrmancer (D)
  A merfolk (D)
  A wind drake (D)
  A hornet (D)
  A redback (D)
  A ball python skeleton (D)
12 creatures vanquished.

Vanquished Creatures (others)
  A centaur warrior (D)
  A ball python (D)
2 creatures vanquished.

Grand Total: 131 creatures vanquished

Notes
Turn   | Place    | Note
-------+----------+-------------------------------------------
     0 | D        | Turgor the Minotaur Berserker began the quest for the Orb.
     0 | D        | Reached XP level 1. HP: 19/19 MP: 0/0
     2 | D        | Found a blossoming altar of Fedhas.
     2 | D        | Found the +6 Majin-Bo {vamp, MP+6 Int+6}
     2 | D        | Found the +9 heavy crossbow "Sniper" {vorpal, Acc+∞ SInv}
     2 | D        | Found the +10 dark maul {vorpal}
     2 | D        | Found the +15 Maxwell's patent armour {-Cast -Tele rElec
                  | Will+ rCorr}
     2 | D        | Found the +18 shield of the Gong {rElec rN+ Will+ EV-5}
     2 | D        | Found the +14 obsidian axe {vorpal, Mesm Drain Fly SInv}
     2 | D        | Found the +7 great mace "Firestarter" {inner flame, rF++}
     2 | D        | Found the +6 shillelagh "Devastator" {shatter}
     2 | D        | Found the +11 plutonium sword {Contam Stlth-}
     2 | D        | Found the +8 lance "Wyrmbane" {slay drac, rPois rF+ rC+
                  | AC+3}
     2 | D        | Found the +9 sword of Zonguldrok {reap}
     2 | D        | Found the +13 scythe of Curses {drain, Drain}
     2 | D        | Found the +5 sword of Power {vorpal}
     2 | D        | Found the +7 mace of Variability {chain chaos}
     2 | D        | Found the +7 Singing Sword {vorpal, sonic wave}
     2 | D        | Found the +8 storm bow {elec, penet}
     3 | D        | Found a viscous altar of Jiyva.
     3 | D        | Found a hazy altar of Hepliaklqana.
     3 | D        | Found a transporter.
     3 | D        | Found an opulent altar of Gozag.
     3 | D        | Found an ancient bone altar of Kikubaaqudgha.
     3 | D        | Found a corrupted altar of Lugonu.
    19 | D        | Found a burning altar of Makhleb.
    22 | D        | Found a sacrificial altar of Ru.
    22 | D        | Found a shimmering blue altar of Sif Muna.
    22 | D        | Found a stormy altar of Qazlal.
    22 | D        | Found a bloodstained altar of Trog.
    22 | D        | Found an iron altar of Okawaru.
    22 | D        | Found a sparkling altar of Nemelex Xobeh.
    58 | D        | Reached skill level 5 in Fighting
    58 | D        | Reached skill level 5 in Axes
    58 | D        | Reached skill level 5 in Armour
    58 | D        | Reached XP level 2. HP: 30/30 MP: 1/1
   101 | D        | Entered arena 2.
   101 | D        | Noticed a draconian
   101 | D        | Noticed a draconian
   101 | D        | Found a transporter.
   110 | D        | Killed a draconian
   111 | D        | Reached skill level 10 in Axes
   111 | D        | Reached XP level 3. HP: 41/41 MP: 2/2
   111 | D        | Reached XP level 4. HP: 49/49 MP: 3/3
   111 | D        | Reached XP level 5. HP: 56/56 MP: 4/4
   111 | D        | Reached XP level 6. HP: 62/62 MP: 5/5
   111 | D        | Killed a draconian
   112 | D        | Reached XP level 7. HP: 70/70 MP: 6/6
   178 | D        | Entered arena 3.
   178 | D        | Found a transporter.
   183 | D        | Reached ** piety under Trog
   278 | D        | Entered arena 4.
   278 | D        | Found a transporter.
   286 | D        | Reached *** piety under Trog
   287 | D        | Reached skill level 10 in Fighting
   290 | D        | Reached XP level 8. HP: 79/79 MP: 7/7
   311 | D        | Entered arena 5.
   311 | D        | Found a transporter.
   315 | D        | Reached **** piety under Trog
   320 | D        | Got the amulet of Empiosen {RegenMP Rampage}
   333 | D        | Entered arena 6.
   333 | D        | Found a transporter.
   338 | D        | Reached ***** piety under Trog
   350 | D        | Entered arena 7.
   350 | D        | Noticed a cane toad
   352 | D        | Found a transporter.
   356 | D        | Killed a cane toad
   357 | D        | Reached skill level 10 in Shields
   358 | D        | Received a gift from Trog
   380 | D        | Entered arena 8.
   387 | D        | Reached XP level 9. HP: 88/90 MP: 5/8
   387 | D        | Received a gift from Trog
   390 | D        | Found a transporter.
   401 | D        | Got the ring "Kuorphil" {rPois Str+3 Int+8 Dex-3 SInv}
   405 | D        | Got the +6 broad axe of the Final Decision {freeze, rElec
                  | rF+ Dex+7}
   414 | D        | Entered arena 9.
   414 | D        | Noticed a naga mage
   421 | D        | Found a transporter.
   428 | D        | Killed a naga mage
   428 | D        | Reached ****** piety under Trog
   441 | D        | Got the ring "Guarosik" {Fly Str+5 Int-3 Slay+4}
   450 | D        | Entered arena 10.
   458 | D        | Received a gift from Trog
   464 | D        | Found a transporter.
   485 | D        | Entered arena 11.
   485 | D        | Noticed a cyclops
   485 | D        | Noticed a two-headed ogre
   485 | D        | Noticed a two-headed ogre
   485 | D        | Noticed a troll
   494 | D        | Killed a troll
   495 | D        | Killed a two-headed ogre
   495 | D        | Received a gift from Trog
   496 | D        | Reached skill level 15 in Axes
   496 | D        | Reached skill level 15 in Armour
   496 | D        | Reached XP level 10. HP: 102/102 MP: 9/9
   498 | D        | Killed a cyclops
   500 | D        | Killed a two-headed ogre
   501 | D        | Found a transporter.
   542 | D        | Entered arena 12.
   542 | D        | Found the +8 arc blade {discharge, rElec}
   542 | D        | Noticed a ghost moth
   542 | D        | Noticed a wolf spider
   542 | D        | Noticed an orb spider
   545 | D        | Found a transporter.
   550 | D        | Killed a wolf spider
   550 | D        | Received a gift from Trog
   551 | D        | Reached skill level 15 in Fighting
   552 | D        | Killed a ghost moth
   553 | D        | Reached skill level 15 in Shields
   553 | D        | Reached XP level 11. HP: 114/114 MP: 1/10
   556 | D        | Killed an orb spider
   582 | D        | Entered arena 13.
   582 | D        | Noticed a soul eater
   582 | D        | Noticed a soul eater
   586 | D        | Noticed a ghoul
   586 | D        | Noticed a shadow dragon
   586 | D        | Found a transporter.
   589 | D        | Received a gift from Trog
   590 | D        | Killed a soul eater
   593 | D        | Killed a soul eater
   597 | D        | Killed a shadow dragon
   597 | D        | Received a gift from Trog
   604 | D        | Killed a ghoul
   649 | D        | Entered arena 14.
   650 | D        | Noticed a fire dragon
   650 | D        | Noticed a hell hog
   650 | D        | Noticed a hell hog
   650 | D        | Noticed a fire dragon
   650 | D        | Noticed a fire giant
   652 | D        | Found the +4 moon troll leather armour {Spirit, Regen++
                  | MP+5}
   652 | D        | Found a transporter.
   658 | D        | Killed a hell hog
   659 | D        | Reached skill level 1 in Slings
   659 | D        | Reached skill level 1 in Evocations
   659 | D        | Received a gift from Trog
   660 | D        | Killed a hell hog
   662 | D        | Killed a fire giant
   664 | D        | Killed a fire dragon
   664 | D        | Killed a fire dragon
   665 | D        | Reached skill level 5 in Slings
   665 | D        | Reached XP level 12. HP: 115/128 MP: 11/11
   676 | D        | Got the ring "Ufaskifa" {Wiz Drain Will+ Dex+2}
   703 | D        | Entered arena 15.
   705 | D        | Noticed a centaur warrior
   705 | D        | Noticed a stone giant
   705 | D        | Noticed a centaur warrior
   705 | D        | Found the +8 demon blade "Leech" {vamp, Harm Drain rN+}
   706 | D        | Noticed a stone giant
   711 | D        | Killed a centaur warrior
   712 | D        | Reached skill level 5 in Evocations
   712 | D        | Noticed a deep elf master archer
   712 | D        | Noticed a stone giant
   712 | D        | Found a transporter.
   712 | D        | Noticed a stone giant
   712 | D        | Noticed a merfolk javelineer
   714 | D        | Killed a centaur warrior
   715 | D        | Killed a deep elf master archer
   717 | D        | Killed a stone giant
   718 | D        | Killed a stone giant
   719 | D        | Killed a stone giant
   719 | D        | Received a gift from Trog
   720 | D        | Killed a stone giant
   723 | D        | Killed a merfolk javelineer
   741 | D        | Got the ring "Wym Dege" {rElec rF+++ rCorr AC+4 Dex-5}
   766 | D        | Entered arena 16.
   768 | D        | Noticed a merfolk aquamancer
   768 | D        | Noticed a merfolk javelineer
   768 | D        | Noticed a merfolk javelineer
   773 | D        | Noticed a merfolk impaler
   777 | D        | Identified the ring "Deuthoah" {Int+6 Dex+3}
   777 | D        | Noticed a merfolk javelineer
   777 | D        | Identified the +5 falchion "Jouttad" {vorpal, Contam *Slow
                  | Dex+6}
   777 | D        | Noticed a merfolk aquamancer
   778 | D        | Killed a merfolk aquamancer
   780 | D        | Identified the +8 eveningstar of Numej {drain, Fly SInv}
   783 | D        | Killed a merfolk javelineer
   783 | D        | Received a gift from Trog
   784 | D        | Killed a merfolk aquamancer
   785 | D        | Found a transporter.
   785 | D        | Killed a merfolk javelineer
   788 | D        | Received a gift from Trog
   789 | D        | Killed a merfolk javelineer
   790 | D        | Reached skill level 10 in Slings
   790 | D        | Reached XP level 13. HP: 66/139 MP: 12/12
   796 | D        | Killed a merfolk impaler
   796 | D        | Received a gift from Trog
   975 | D        | Entered arena 17.
   983 | D        | Noticed a deep elf sorcerer
   983 | D        | Identified the +8 glaive of Defence {vamp, Fly Str+4 Dex+3}
   983 | D        | Found a transporter.
   992 | D        | Received a gift from Trog
   995 | D        | Killed a deep elf sorcerer
   997 | D        | Received a gift from Trog
   998 | D        | Reached skill level 10 in Evocations
  1005 | D        | Received a gift from Trog
  1015 | D        | Got the ring of Knowledge {+Blink rElec rN++ Str+6 Dex-4}
  1332 | D        | Entered arena 18.
  1339 | D        | Noticed a balrug
  1339 | D        | Noticed a Brimstone Fiend
  1339 | D        | Noticed a searing wretch
  1339 | D        | Noticed a fire giant
  1340 | D        | Noticed a balrug
  1342 | D        | Identified the +4 mace "Xonysoc" {vamp, Int+5 Dex-5}
  1342 | D        | Noticed a balrug
  1342 | D        | Noticed a balrug
  1346 | D        | HP: 6/143 [balrug/divine providence (9)]
  1351 | D        | Identified the +7 broad axe of Severance {vorpal, rC+ SInv}
                  | (Trog gifted it to you in the Dungeon)
  1351 | D        | Received a gift from Trog
  1351 | D        | HP: 7/143 [hell hog/fireball (1)]
  1351 | D        | Killed from afar by a balrug

Illustrated notes

Levels and vault maps discovered:
D:        sprint_v [room_start, room_1, room_2, room_3, room_4, room_5, room_6,
          room_7, room_8, room_9, room_10, room_11, room_12, room_13, room_14,
          room_15, room_16, room_17, room_18, room_19, room_20, room_21,
          room_22, room_23, room_24, room_25, room_26, room_27]

Skill      XL: |  1  2  3  4  5  6  7  8  9 10 11 12 13 |
---------------+----------------------------------------+-----
Fighting       | 5 8 9 10 11 13 15 18 20 21 | 21.0
Axes           | 5 10 11 12 13 15 17 18 20 21 | 21.4
Armour         | 5 9 11 12 13 15 16 19 21 | 21.8
Shields        | 4 7 8 9 11 13 15 | 15.0
Slings         | 5 10 11 | 11.7
Evocations     | 4 8 10 | 10.9
Dodging        | |  2.1

Action                   |  1- 3 |  4- 6 |  7- 9 | 10-12 | 13-15 || total
-------------------------+-------+-------+-------+-------+-------++-------
Melee: Broad axe         |     8 |     1 |    56 |    68 |    30 ||   163
       Headbutt          |     3 |       |    16 |    24 |     7 ||    50
Invok: Berserk           |     1 |       |     3 |     4 |     1 ||     9
       Trog's Hand       |       |       |     3 |     5 |     2 ||    10
       Brothers in Arms  |       |       |       |     3 |     2 ||     5
  Use: Potion            |     1 |       |       |     2 |     7 ||    10
       Scroll            |       |       |     1 |     3 |     4 ||     8
Armor: Ice dragon scales |     3 |       |     5 |       |       ||     8
       Plate armour      |       |       |    17 |    59 |    14 ||    90
       Gold dragon scale |       |       |       |       |     5 ||     5
Dodge: Dodged            |     3 |       |    22 |    22 |     2 ||    49
Block: Buckler           |     3 |       |    28 |    21 |       ||    52
       Kite shield       |       |       |       |    68 |    45 ||   113

Table legend: (Time is in decaauts)
 A = Elapsed time spent in this place.
 B = Non-inter-level travel time spent in this place.
 C = Inter-level travel time spent in this place.
 D = Time resting spent in this place.
 E = Time spent auto-exploring this place.
 F = Levels seen in this place.
 G = Mean time per level.
                   A        B        C        D        E       F      G
               +--------+--------+--------+--------+--------+-----+--------+
         Total |   1366 |   1366 |      0 |    640 |      0 |   1 | 1366.0 |
       Dungeon |   1366 |   1366 |      0 |    640 |      0 |   1 | 1366.0 |
               +--------+--------+--------+--------+--------+-----+--------+

Top non-repeatable levels by time:
       D: 1366 daAuts
